Cogmind - Beta 15 @@@ ROGUE MODE // 2025.08.19 @ 20:22:25 Player: beans Result: Destroyed by S-10 Pest with Light Assault Rifle Performance ------------- Evolutions (2) 1000 Regions Visited (4) 800 Robots Destroyed (58) 290 Value Destroyed (983) 983 Prototype IDs (1) 20 Alien Tech Used (0) 0 Bonus (0) 0 TOTAL SCORE: 3093 Bonus ------- None Cogmind --------- Core Integrity 0/550 Matter 290/300 Energy 20/100 System Corruption 0% Temperature Cool (0) Movement Walking (120) Location -8/Storage Parts ------- > --- POWER (1) -------- (None) > --- PROPULSION (3) --- Improved Carbon-fiber Leg > --- UTILITY (3) ------ Improved Cooling System Coolant Injector Drone Bay (0/2) > --- WEAPON (4) ------- (None) > --- INVENTORY (5) ---- (None) Peak State ------------ > --- POWER ------------ Light Ion Engine > --- PROPULSION ------- Improved Carbon-fiber Leg Improved Carbon-fiber Leg Improved Carbon-fiber Leg > --- UTILITY ---------- Improved Cooling System Coolant Injector Large Matter Pod > --- WEAPON ----------- Shock Rifle Light Assault Rifle > --- INVENTORY -------- (None) [Rating: 26] Favorites ----------- Power Ion Engine Engine Ion Engine Propulsion Aluminum Leg Leg Aluminum Leg Wheel Armored Huge Wheel Hover Unit Airjet Flight Unit Cesium-ion Thruster Utility Large Matter Pod Device Cooling System Storage Large Matter Pod Processor Improved Targeting Computer Weapon Assault Rifle Energy Gun Shock Rifle Ballistic Gun Assault Rifle Ballistic Cannon Improved Light Cannon Launcher Grenade Launcher Build | -11 -10 -9 -8 -8 ------- Run | Yrd Mat Mat Mat Sto Slots Evolved 4 | . . 2 2 . Power . | . . . . . Propulsion 1 | . . 1 . . Utility 1 | . . 1 . . Weapon 2 | . . . 2 . Parts Attached 26 | 4 1 8 12 1 Power 2 | . . 1 1 . Engine 2 | . . 1 1 . Core . | . . . . . Reactor . | . . . . . Propulsion 9 | 2 . . 7 . Treads . | . . . . . Leg 5 | 2 . . 3 . Wheel 1 | . . . 1 . Hover 2 | . . . 2 . Flight 1 | . . . 1 . Utility 6 | . . 3 2 1 Device 4 | . . 1 2 1 Storage 1 | . . 1 . . Processor 1 | . . 1 . . Hackware . | . . . . . Protection . | . . . . . Artifact . | . . . . . Weapon 9 | 2 1 4 2 . Energy Gun 1 | . . . 1 . Energy Cannon . | . . . . . Ballistic Gun 6 | 2 . 3 1 . Ballistic Cannon 1 | . . 1 . . Launcher 1 | . 1 . . . Special Weapon . | . . . . . Impact Weapon . | . . . . . Slashing Weapon . | . . . . . Piercing Weapon . | . . . . . Special Melee Weapon . | . . . . . Unidentified Prototypes 1 | . . . 1 . Parts Lost 19 | . 1 5 7 6 Power 2 | . . 1 . 1 Propulsion 7 | . 1 1 3 2 Utility 2 | . . . 1 1 Weapon 8 | . . 3 3 2 Highest Loss Streak 4 | . 1 4 3 4 To Critical Strikes . | . . . . . Average Backups 1 | . 1 1 1 . Power . | . 1 . . . Propulsion . | . . . . . Utility . | . . . . . Weapon . | . . 1 . . Tool/Special . | . . . . . Unused Backups . | . . . . . Power . | . . . . . Propulsion . | . . . . . Utility . | . . . . . Weapon . | . . . . . Tool/Special . | . . . . . Average Slot Usage (%) 54 | . 54 57 50 63 Engine 2 | . . 6 1 5 Leg 14 | . 25 10 6 22 Device 5 | . . 5 7 18 Storage 5 | . . 5 9 5 Processor 4 | . . 9 6 . Ballistic Gun 12 | . 14 16 7 8 Ballistic Cannon 1 | . . . 3 . Launcher 4 | . 13 2 . . Peak Build Rating 26 | 4 4 11 26 26 Average Rating 9 | 3 3 7 14 21 On Entrance 8 | . 4 3 7 26 Naked Turns . | . . . . . Heaviest Build 16 | 3 5 16 13 13 Greatest Support 54 | 20 20 10 54 54 Greatest Overweight (x) 3 | . . 2 3 . Average Overweight (x) . | . . . . . Largest Inventory Capacity 5 | 5 5 5 5 5 Average Capacity 5 | 5 5 5 5 5 Most Carried 5 | 2 2 4 5 1 Average Carried 1 | . 1 1 1 . Final Capacity 5 | 5 5 5 5 5 Final Carried 2 | 1 2 1 . . Class Distribution -------------------- 100% | Mutant Dominant Class ---------------- Mutant | -10/Materials Mutant | -9/Materials Mutant | -8/Materials Mutant | -8/Storage Resources | -11 -10 -9 -8 -8 ----------- Run | Yrd Mat Mat Mat Sto Matter Collected 1318 | 104 247 351 556 60 Remotely . | . . . . . Salvage Created 1093 | 13 294 417 309 60 Parts 105 | 4 45 37 19 . Haulers Intercepted 2 | . 1 1 . . Recyclers Shooed 3 | . 1 1 1 . Parts Field Recycled . | . . . . . Retrieved Matter . | . . . . . Parts Self-Destructed . | . . . . . Prevented . | . . . . . Kills | -11 -10 -9 -8 -8 ------- Run | Yrd Mat Mat Mat Sto Combat Hostiles Destroyed 32 | . 9 11 11 1 Guns 19 | . . 8 10 1 Cannons 1 | . . . 1 . AOE 12 | . 9 3 . . Classes Destroyed 11 | 1 8 1 1 . Worker 6 | . 4 1 1 . Builder 9 | . 5 4 . . Tunneler 2 | 1 . . 1 . Hauler 2 | . 1 1 . . Recycler 2 | . 2 . . . Operator 1 | . 1 . . . Watcher 4 | . 3 . 1 . Swarmer 18 | . 6 6 6 . Grunt 9 | . 3 4 1 1 Sentry 4 | . . 1 3 . Hunter 1 | . . . 1 . Best Kill Streak 9 | 1 9 6 4 1 Combat Bots Only 4 | . 4 4 3 1 Max Kills in Single Turn 3 | 1 3 2 2 1 Gunslinging . | . . . . . Exploded 3 | . 3 1 . . Melee . | . . . . . Uniques/NPCs Destroyed . | . . . . . Combat | -11 -10 -9 -8 -8 -------- Run | Yrd Mat Mat Mat Sto Hostile Shots Fired 321 | . 20 109 102 90 Missed 101 | . 5 33 37 26 Hits 220 | . 15 76 65 64 Projectile 220 | . 15 76 65 64 Critical Strikes 7 | . . 1 1 5 Damage Taken 2814 | . 226 804 926 858 Core 896 | . 55 289 369 183 Absorbed by Shields . | . . . . . Core Remaining (%) 68 | 100 78 27 . . Volleys Fired 132 | 2 32 38 46 14 Largest 2 | 2 1 2 2 2 Hottest 70 | 40 30 53 70 70 Shots Fired 197 | 4 32 72 66 23 Gun 130 | 4 . 62 41 23 Cannon 26 | . . 1 25 . Launcher 41 | . 32 9 . . Special . | . . . . . Kinetic 143 | 4 . 63 62 14 Thermal . | . . . . . Explosive 41 | . 32 9 . . Electromagnetic 13 | . . . 4 9 Robot Hit Streak 13 | 1 5 6 13 12 Robot Miss Streak 6 | 1 1 5 6 3 Penetration Max . | . . . . . Secondary Targets 1 | . . 1 . . Max Gunslinging Chain 1 | . . 1 . . Shots Hit Robots 111 | 2 11 35 44 19 Core Hits 92 | 1 39 21 24 7 Critical Kills 1 | . . 1 . . Critical Parts Destroyed 1 | . . . . 1 Critical Strikes 2 | . . 1 . 1 Destroy 2 | . . 1 . 1 Melee Attacks . | . . . . . Impact . | . . . . . Slashing . | . . . . . Piercing . | . . . . . Sneak Attacks . | . . . . . Combat Hostiles . | . . . . . Follow-up Attacks . | . . . . . Damage Inflicted 3598 | 25 1524 1042 798 209 Guns 1130 | 25 . 445 453 207 Cannons 340 | . . . 340 . Explosions 2119 | . 1524 595 . . Melee . | . . . . . Ramming 9 | . . 2 5 2 Kinetic 1291 | 25 . 445 725 96 Thermal . | . . . . . Explosive 2119 | . 1524 595 . . Electromagnetic 179 | . . . 68 111 Impact . | . . . . . Slashing . | . . . . . Piercing . | . . . . . Highest Corruption . | . . . . . Average Corruption . | . . . . . Corruption Purged . | . . . . . Corruption Blocked . | . . . . . Overload Shots . | . . . . . Overflow Damage 95 | . 44 51 . . Projectiles . | . . . . . Explosions 95 | . 44 51 . . Melee . | . . . . . Knockbacks 2 | . . . 2 . Impact . | . . . . . Kinetic 2 | . . . 2 . Secondary . | . . . . . Self-Inflicted Damage 63 | . 63 . . . Shots 3 | . 3 . . . Rammed . | . . . . . Targets Rammed 4 | . . 2 1 1 Kicked 4 | . . 2 1 1 Crushed . | . . . . . Highest Temperature 9 | . 5 . . 9 Average Temperature 7 | . 5 . . 9 Received Heat Transfer 1191 | . 48 351 351 441 Siege Activations . | . . . . . Martial Activations . | . . . . . Shielding Activations . | . . . . . Robots Disrupted . | . . . . . Combat Hostiles . | . . . . . Robots Corrupted . | . . . . . Combat Hostiles . | . . . . . Parts Fried 4 | . . . 1 3 Impact Corruptions . | . . . . . Robots Melted . | . . . . . Combat Hostiles . | . . . . . Parts Melted . | . . . . . Heat Transferred . | . . . . . Parts Sabotaged . | . . . . . Parts Stolen . | . . . . . Parts Stripped . | . . . . . Power Chain Reactions . | . . . . . Alert | -11 -10 -9 -8 -8 ------- Run | Yrd Mat Mat Mat Sto Maximum Alert Level 1 | . 1 1 1 . Low Security (%) 94 | 100 86 98 94 100 Level 1 5 | . 13 1 5 . Level 2 . | . . . . . Level 3 . | . . . . . Level 4 . | . . . . . Level 5 . | . . . . . High Security . | . . . . . Max Security . | . . . . . Peak Influence 226 | 5 226 205 208 59 Initial 74 | . . 74 66 59 Average 105 | . 139 101 110 28 Influence Increases 1306 | 5 431 357 433 80 Destroy 0b10 Robot/C 640 | . 180 220 220 20 Destroy 0b10 Robot/NC 130 | 5 80 30 15 . Destroy Leader 142 | . 38 42 62 . Disable Machine 60 | . 15 30 . 15 Destroy Structure 154 | . 118 35 1 . Lose Combat Pursuer 180 | . . . 135 45 Influence Decreases 1301 | 5 255 374 449 218 Entered New Map 279 | . . 102 93 84 Time Decay 832 | 5 245 222 286 74 Lost Part 180 | . 10 50 70 50 Lost Ally 10 | . . . . 10 Squads Dispatched 5 | . . 4 . 1 Investigation 1 | . . . . 1 Extermination . | . . . . . Reinforcement 4 | . . 4 . . Assault . | . . . . . Garrison . | . . . . . Intercept . | . . . . . Searches Triggered . | . . . . . Construction Impeded 1 | . . 1 . . Haulers Reinforced . | . . . . . Active Scanning Responses . | . . . . . Cargo Convoy Interrupts . | . . . . . Stealth | -11 -10 -9 -8 -8 --------- Run | Yrd Mat Mat Mat Sto Distress Signals 7 | . . 1 6 . Communications Jammed . | . . . . . Distress Signals . | . . . . . Times Spotted 90 | . 14 25 35 16 Peak Tracking Total 12 | . 3 7 8 12 Tactical Retreats 5 | . . . 3 2 Traps | -11 -10 -9 -8 -8 ------- Run | Yrd Mat Mat Mat Sto Traps Triggered 1 | . . . . 1 Indirectly . | . . . . . Trap Hack Attempts . | . . . . . Triggered . | . . . . . Disarmed . | . . . . . Reprogrammed . | . . . . . Reused . | . . . . . Traps Extracted . | . . . . . Installed . | . . . . . Triggered . | . . . . . Machines | -11 -10 -9 -8 -8 ---------- Run | Yrd Mat Mat Mat Sto Machines Disabled 7 | . 4 2 . 1 Max in Single Turn 2 | . 2 1 . 1 Machines Repaired . | . . . . . Machines Dismantled . | . . . . . Machines Sabotaged . | . . . . . Overloaded Fab Kills . | . . . . . Hacking | -11 -10 -9 -8 -8 --------- Run | Yrd Mat Mat Mat Sto Machines Accessed 1 | . . . . 1 Terminals 1 | . . . . 1 Fabricators . | . . . . . Repair Stations . | . . . . . Recycling Units . | . . . . . Scanalyzers . | . . . . . Garrison Access . | . . . . . Total Hacks 1 | . . . . 1 Successful 1 | . . . . 1 Failed . | . . . . . Catastrophic . | . . . . . Database Lockouts . | . . . . . Manual . | . . . . . Terminals 1 | . . . . 1 Fabricators . | . . . . . Repair Stations . | . . . . . Recycling Units . | . . . . . Scanalyzers . | . . . . . Garrison Access . | . . . . . Terminal Hacks 1 | . . . . 1 Open Door 1 | . . . . 1 Fabricator Hacks . | . . . . . Repair Station Hacks . | . . . . . Recycling Unit Hacks . | . . . . . Scanalyzer . | . . . . . Garrison Access Hacks . | . . . . . Unauthorized Hacks . | . . . . . Terminals . | . . . . . Fabricators . | . . . . . Repair Stations . | . . . . . Recycling Units . | . . . . . Scanalyzers . | . . . . . Garrison Access . | . . . . . Data Cores Recovered . | . . . . . Used . | . . . . . Hacking Detections 1 | . . . . 1 Full Trace Events . | . . . . . Feedback Events . | . . . . . Feedback Blocked . | . . . . . Robot Schematics Acquired . | . . . . . Robots Built . | . . . . . Authchips . | . . . . . Time . | . . . . . Total Robot Build Rating . | . . . . . Part Schematics Acquired . | . . . . . Parts Built . | . . . . . Authchips . | . . . . . Time . | . . . . . Total Part Build Rating . | . . . . . Parts Repaired . | . . . . . Time . | . . . . . Parts Recycled . | . . . . . Recycled Matter . | . . . . . Retrieved Matter . | . . . . . Retrieved Components . | . . . . . Parts Scanalyzed . | . . . . . Part Schematics Acquired . | . . . . . Parts Damaged . | . . . . . Bothacking | -11 -10 -9 -8 -8 ------------ Run | Yrd Mat Mat Mat Sto Used RIF Installer . | . . . . . Robots Hacked . | . . . . . Non-combat . | . . . . . Combat . | . . . . . Robot Hacks Applied . | . . . . . Relay Couplers Released . | . . . . . Fabnet Peak Effective % . | . . . . . Robots Rewired . | . . . . . Allies Hacked . | . . . . . Hacks Repelled . | . . . . . Allies | -11 -10 -9 -8 -8 -------- Run | Yrd Mat Mat Mat Sto Total Allies . | . . . . . Largest Group . | . . . . . Highest-Rated Group . | . . . . . Highest-Rated Ally . | . . . . . Total Orders . | . . . . . Ally Attacks . | . . . . . Total Damage . | . . . . . Kills . | . . . . . Allies Corrupted . | . . . . . Allies Melted . | . . . . . Intel | -11 -10 -9 -8 -8 ------- Run | Yrd Mat Mat Mat Sto Active Infowar (turns) . | . . . . . Robot Analysis Total . | . . . . . Derelict Logs Recovered . | . . . . . Drone Launches 2 | . . . . 2 Drone Recoveries . | . . . . . Exploration | -11 -10 -9 -8 -8 ------------- Run | Yrd Mat Mat Mat Sto Turns Passed 1873 | 66 535 469 631 172 Spaces Moved 1197 | 49 379 237 423 109 Core 133 | 9 . 24 100 . Treads . | . . . . . Legs 845 | 40 379 213 104 109 Wheels 118 | . . . 118 . Hover 45 | . . . 45 . Flight 56 | . . . 56 . Fastest Speed 50 | 50 120 100 50 120 Average Speed 116 | 107 120 137 102 120 Slowest Speed 200 | 120 120 190 200 120 Overloaded Moves . | . . . . . Propulsion Burnouts . | . . . . . Robots Hopped . | . . . . . Potential Cave-ins . | . . . . . Cave-ins Triggered . | . . . . . Exploration Rate (%) 35 | 4 75 27 42 30 Regions Visited 4 Branch Regions 1 Pre-discovered Areas . | . . . . . Known Exits Taken . | . . . . . Unknown Exits Taken 4 | 1 1 1 1 . Scrap Searched . | . . . . . Spaces Dug 6 | . 5 1 . . Terrain Destroyed 158 | . 124 34 . . Melee . | . . . . . Projectile 1 | . . 1 . . AOE 157 | . 124 33 . . Terrain Rammed . | . . . . . Walls Destroyed . | . . . . . Machines Disabled . | . . . . . Actions | -11 -10 -9 -8 -8 --------- Run | Yrd Mat Mat Mat Sto Total 1478 | 59 426 307 556 130 Wait 86 | . 14 10 58 4 Move 1193 | 48 378 236 422 109 Hop . | . . . . . Pick Up 27 | 5 1 7 13 1 Fast Attach . | . . . . . Attach 28 | 4 . 9 14 1 Detach 1 | . . 1 . . Swap 3 | . 1 2 . . Drop 4 | . . 2 2 . Fire 132 | 2 32 38 46 14 Melee . | . . . . . Ram . | . . . . . Kick 4 | . . 2 1 1 Crush . | . . . . . Escape Stasis . | . . . . . Rewire . | . . . . . Trap . | . . . . . Miscellaneous . | . . . . . Route ------- -11/Scrapyard -10/Materials (discovered 4 exits: [*Mat x3] / [*Min]) -9/Materials -8/Materials -8/Storage History --------- Turn | Location | Event 7 | -11/Scrapyard | Discovered new exit (range 15) 67 | -11/Scrapyard | Entered Materials 172 | -10/Materials | Discovered new exit (range 13) 310 | -10/Materials | Discovered new exit (range 5) 314 | -10/Materials | Build established: Mutant 448 | -10/Materials | Discovered new exit (range 10) 578 | -10/Materials | Discovered new exit (range 8) 602 | -10/Materials | Entered another Materials area 602 | -9/Materials | Evolved 2 slots: Propulsion x1, Utility x1 1046 | -9/Materials | Core integrity fell below 50% 1048 | -9/Materials | Discovered new exit (range 15) 1071 | -9/Materials | Entered another Materials area 1071 | -8/Materials | Evolved 2 slots: Weapon x2 1075 | -8/Materials | Lost 4 parts (1n3w) 1350 | -8/Materials | Lost 3 parts (1n1u1w) 1485 | -8/Materials | Core integrity fell below 50% 1684 | -8/Materials | Discovered new exit (range 8) 1702 | -8/Materials | Entered Storage 1840 | -8/Storage | Lost 4 parts (1p1n1u1w) 1849 | -8/Storage | Core integrity fell below 20% 1874 | -8/Storage | Destroyed by S-10 Pest with Light Assault Rifle Last Messages --------------- Critical hit (Burn: +37). G-47 Trooper misfires. Shock Rifle destroyed. Lrg. Matter Pod destroyed. Lgt. Ion Engine destroyed. Critical hit (Burn: +37). Imp. Carbon-fiber Leg destroyed. Component Storage disabled. K-01 Serf collects debris. Kicked R-06 Scavenger. K-01 Serf collects debris. Imp. Carbon-fiber Leg destroyed. Critical hit (Burn: +37). Lgt. Assault Rifle destroyed. Critical hit (Burn: +37). S-10 Pest destroyed. Drone released from Drone Bay. Drone destroyed. Critical hit (Burn: +37). Drone released from Drone Bay. Map ----- +----------------------------------------------------+ | #????????????????????????????????????????????????? | | #????????????????????????????????????????????????? | | #????????????????????????????????????????????????? | | #????????""??????????????????????????????????????? | | #????????""??????????????????????????????????????? | | #????????""??????????????????????????????????????? | | ????????? ?????????? +??????????????????????????? | | ##########+######## #??????????????????????????? | | #??????????????????????????? | | #??????????????????????????? | | #??????????????????????????? | | ######### #######??????????????????????????????? | | ????????# # #??????????????????????????????? | | ????????# # #??????????????????????????????? | | ????????# # #??????????????????????????????? | | ????????# # #??????????????????????????????? | | ????????# + """ #??????????????????????????????? | | ????????# # """ #??????????????????????????????? | | ????????+ + """ #??????????????????????????????? | | ????????# # #??????????????????????????????? | | ????????# ###/###??????????????????????????????? | | ????????####### ###??????????????????????????????? | | ????????????# g ####+#########+#######?????????? | | ????????????# gss[ ???????? | | ????????????# g s% r ???????? | | ????????????# Y * %n @ ???????? | | ????????????# ##############+#???????????????? | | ????????????#######??????????????????????????????? | | ?????????????????????????????????????????????????? | | ?????????????????????????????????????????????????? | | ?????????????????????????????????????????????????? | | ?????????????????????????????????????????????????? | | ?????????????????????????????????????????????????? | | ?????????????????????????????????????????????????? | | | | | | | | | | | | | | | | | | | | | | | | | | | | | | | | | +----------------------------------------------------+ Best States ------------- Heat Dissipation 58 Coolant Potential 65 Energy Generation 10 Energy Capacity 250 Matter Stores 338 Matter Capacity 450 Sight Range 16 Terrain Scan Density 10 Evasion (%) 55 Targeting Accuracy 6 Item Schematics ----------------- None Robot Schematics ------------------ None Fabricated ------------ Nothing Repaired ---------- Nothing Alien Tech Used ----------------- None Achievements -------------- None Challenges ------------ None Game ------ Seed PointyDeepWarhead Manual? 0 Play Time 00:15:11 Cumulative 96.2 hours Start 2025.08.19 @ 20:08:30 End 2025.08.19 @ 20:22:25 Sessions 1 Manual Loads 0 Difficulty Rogue Special Mode None Game No. 372 Rogue 372 Adventurer 0 Explorer 0 Win Type - Total 0 Types 0/0/0/0/0/0/0/0/0/0 Lore% 43 Gallery% 40 Achievement% 30 Wizard Run 0 Options --------- Layout 2 ASCII 0 Keyboard 0 Movement Mouse Keybinds 0 Fullscreen 2 Font 24/Smallcaps Map View 50x44 Zoom Use 0% Tactical HUD 0 Map Filters NONE Filters NONE Steam 1 RUN: 5d254b95-5e8e-4c2a-ad95-6b6d5fb66b46